 Dungeon Crawl Stone Soup version 0.21-a0-521-g1cd18d1 (webtiles) character file.

116 KristoblXynda the Slasher (level 4, -4/36 HPs)
             Began as a Draconian Gladiator on Dec 5, 2017.
             Slain by a worm (7 damage)
             ... on level 2 of the Dungeon.
             The game lasted 00:02:51 (1414 turns).

KristoblXynda the Slasher (Draconian Gladiator)     Turns: 1414, Time: 00:02:52

Health: -4/36      AC:  5    Str: 18    XL:     4   Next: 69%
Magic:  4/4        EV: 13    Int:  8    God:
Gold:   105        SH:  0    Dex: 12    Spells: 3/3 levels left

rFire    . . .     SeeInvis .   a - +0 long sword
rCold    . . .     Gourm    .   (no shield)
rNeg     . . .     Faith    .   (armour unavailable)
rPois    .         Spirit   .   b - +0 hat
rElec    .         Reflect  .   (no cloak)
rCorr    .         Harm     .   (no gloves)
MR       .....                  (no boots)
Stlth    +.........             (no amulet)
HPRegen  0.12/turn              i - ring of flight
MPRegen  0.09/turn              (no ring)

@: no status effects
A: unfitting armour, cold-blooded, AC +5
a: Evoke Flight


You were on level 2 of the Dungeon.
You were hungry.

You visited 1 branch of the dungeon, and saw 2 of its levels.

You collected 105 gold pieces.

Inventory:

Hand Weapons
 a - a +0 long sword (weapon)
Missiles
 c - 3 throwing nets (quivered)
Armour
 b - a +0 hat (worn)
Jewellery
 i - a ring of flight (left hand)
Scrolls
 e - 2 scrolls of random uselessness {unknown}
 j - a scroll of enchant weapon {unknown}
 k - 2 scrolls of magic mapping {unknown}
 l - 2 scrolls of remove curse {unknown}
 m - 2 scrolls of identify {unknown}
Potions
 g - a potion of resistance {unknown}
 h - a potion of ambrosia
 n - a potion of curing {unknown}
Comestibles
 d - a bread ration
 f - 3 meat rations


   Skills:
 - Level 2.1 Fighting
 + Level 4.0 Long Blades
 + Level 2.9 Throwing
 + Level 3.6 Dodging


You had 3 spell levels left.
You didn't know any spells.

Dungeon Overview and Level Annotations

Branches:
Dungeon (2/15)

Altars:


Innate Abilities, Weirdness & Mutations

Your plain brown scales are hard. (AC +5)
You cannot fit into any form of body armour.
You are cold-blooded and may be slowed by cold attacks.


Message History

A worm is nearby!
You see here a rat corpse.
Things that are here:
a ring mail; an orc skeleton You see here a bat corpse.
A rat comes into view.
A rat is nearby!
A rat is nearby!
The rat barely misses you.
You slash the rat!
You kill the rat!
You see here a rat corpse.
You start resting.
A worm is nearby!
The worm bites you!
* * * LOW HITPOINT WARNING * * *
You slash the worm! You tail-slap the worm!
The worm is almost dead.
The worm bites you!
You die...

###################
.............†..w.#
.###############@.#
## ###.## # #...#
### #######.###
.)######.>.....###
....)............#
######...........#
# ###.........#
##........#


You could see a worm.

Vanquished Creatures
  2 orc wizards (D:2)
  An adder (D:2)
  An ooze (D:2)
  2 worms (D:2)
  A dart slug (D:2)
  2 leopard geckos (D:2)
  An orc (D:2)
  6 bats (D:2)
  A giant cockroach (D:1)
  6 goblins
  A hobgoblin (D:2)
  A jackal (D:2)
  2 kobolds (D:1)
  A quokka (D:2)
  A ball python (D:2)
  2 frilled lizards (D:2)
  A leopard gecko zombie (D:2)
  7 rats
39 creatures vanquished.

Notes
Turn   | Place    | Note
-------+----------+-------------------------------------------
     0 | D:1      | KristoblXynda the Draconian Gladiator began the quest for the Orb.
     0 | D:1      | Reached XP level 1. HP: 17/17 MP: 1/1
   820 | D:1      | Reached XP level 2. HP: 18/24 MP: 2/2
  1022 | D:2      | Reached XP level 3. HP: 6/29 MP: 3/3
  1094 | D:2      | Reached XP level 4. HP: 11/36 MP: 4/4
  1323 | D:2      | Reached skill level 4 in Long Blades
  1414 | D:2      | Slain by a worm

Vault maps used:
D:1:      wheals_arrival_linesprint
D:2:      minmay_randomly_rotated_circles

Skill      XL: |  1  2  3  4 |
---------------+-------------+-----
Throwing       | 2 |  2.9
Dodging        | 3 |  3.6
Long Blades    | 4 |  4.0
Fighting       | |  2.1

Action                   |  1- 3 |  4- 6 || total
-------------------------+-------+-------++-------
Melee: Long sword        |    70 |    21 ||    91
       Tailslap          |     9 |     9 ||    18
  Use: Potion            |     1 |       ||     1
 Stab: Sleeping          |     1 |       ||     1
  Eat: Chunk             |     1 |       ||     1
Armor: Skin              |    36 |    11 ||    47
Dodge: Dodged            |   100 |    33 ||   133
       Rpst.: Long sword |    36 |    13 ||    49

Table legend:
 A = Spawn XP
 B = Non-spawn XP
 C = Spawn XP percentage of total XP
 D = Spawn monster count
 E = Non-spawn monster count
 F = Spawn count percentage of total count
 G = Total turns spent on level
                    A         B        C        D         E        F      G
               +---------+---------+-------+---------+---------+-------+---------
         Total |       0 |     166 |   0.0 |       0 |      39 |   0.0 |  1414
               +---------+---------+-------+---------+---------+-------+---------
           D:1 |       0 |      12 |   0.0 |       0 |       8 |   0.0 |   872
           D:2 |       0 |     154 |   0.0 |       0 |      31 |   0.0 |   542
               +---------+---------+-------+---------+---------+-------+---------
